[ PARTIDA AOE2 · #495987980 ]
UnrankedJaponeses vs Vietnamese
Equipo del jugador · VICT
Equipo rival · DERR
[ ANÁLISIS DE REPETICIÓN · EXTRAÍDO DE LA PARTIDA GRABADA ]
Feudal
9:00
Castillos
23:19
Imperial
—
| APM promedio | 39.6 |
| APM pico | 74 |
| eAPM promedio | 21.3 |
| Aldeanos / militares | 80 / 71 |
Foco
⚔️ 26.0% · 🌾 74.0%
Knight ×58 · Militia ×7 · Skirmisher ×4 · Spearman ×2
Feudal
9:05
Castillos
21:53
Imperial
—
| APM promedio | 47.5 |
| APM pico | 88 |
| eAPM promedio | 18.5 |
| Aldeanos / militares | 87 / 34 |
Foco
⚔️ 23.8% · 🌾 76.2%
Fire Lancer ×16 · Skirmisher ×12 · Knight ×5 · Archer ×1
Mapa de la partida
Recursos iniciales + cada clic de construcción. Líneas = muros · curvas = relieve. ◆ oro · ⬟ piedra · ● bayas · ✦ reliquia · ◌ hueco del cierre
Tu base· ✓ Cerrada en 23:19 · 36t muro · 1 puerta(s)
Base de Chorobura· ✓ Cerrada en 21:53 · 51t muro · sin puerta
Terreno inicial suavizado · ◌ = hueco del cierre detectado · pasá el cursor para detalles
Inputs por minuto
— DLucky3544 - - Chorobura
Build order — DLucky3544
Primeras 150 de 215 acciones detectadas
| 0:01 | Crear | Villager (Male) |
| 0:02 | Crear | Villager (Male) |
| 0:02 | Crear | Villager (Male) |
| 0:02 | Crear | Villager (Male) |
| 0:04 | Construir | House |
| 0:05 | Construir | House |
| 1:29 | Crear | Villager (Male) |
| 1:29 | Crear | Villager (Male) |
| 1:59 | Crear | Villager (Male) |
| 1:59 | Crear | Villager (Male) |
| 2:28 | Crear | Villager (Male) |
| 2:28 | Crear | Villager (Male) |
| 2:29 | Construir | Lumber Camp |
| 2:58 | Crear | Villager (Male) |
| 2:58 | Crear | Villager (Male) |
| 3:04 | Construir | House |
| 3:20 | Crear | Villager (Male) |
| 3:20 | Crear | Villager (Male) |
| 3:41 | Crear | Villager (Male) |
| 3:41 | Crear | Villager (Male) |
| 4:15 | Crear | Villager (Male) |
| 4:16 | Crear | Villager (Male) |
| 4:31 | Crear | Villager (Male) |
| 4:32 | Crear | Villager (Male) |
| 5:11 | Construir | Mining Camp |
| 5:18 | Investigar | Loom |
| 6:12 | Construir | Barracks |
| 6:20 | Crear | Villager (Male) |
| 6:50 | Investigar | Feudal Age |
| 6:57 | Construir | Mill |
| 7:19 | Crear | Militia |
| 7:19 | Crear | Militia |
| 7:24 | Construir | House |
| 7:31 | Crear | Villager (Male) |
| 7:31 | Crear | Villager (Male) |
| 7:49 | Construir | Mill |
| 7:53 | Crear | Militia |
| 8:09 | Crear | Militia |
| 8:23 | Construir | Farm |
| 9:00 | Edad | Edad Feudal |
| 9:10 | Investigar | Man-at-Arms (upgrade) |
| 9:10 | Investigar | Man-at-Arms (upgrade) |
| 9:12 | Crear | Villager (Male) |
| 9:12 | Crear | Villager (Male) |
| 9:15 | Construir | Farm |
| 9:17 | Construir | Farm |
| 9:37 | Crear | Villager (Male) |
| 9:37 | Crear | Villager (Male) |
| 9:44 | Construir | House |
| 9:47 | Construir | Palisade Wall |
| 9:49 | Crear | Villager (Male) |
| 9:49 | Crear | Villager (Male) |
| 10:28 | Crear | Villager (Male) |
| 10:28 | Crear | Villager (Male) |
| 10:28 | Crear | Villager (Male) |
| 10:29 | Crear | Villager (Male) |
| 10:29 | Crear | Villager (Male) |
| 10:47 | Construir | House |
| 10:49 | Crear | Villager (Male) |
| 10:49 | Crear | Villager (Male) |
| 10:49 | Crear | Villager (Male) |
| 10:56 | Construir | Palisade Wall |
| 10:58 | Crear | Villager (Male) |
| 11:35 | Crear | Villager (Male) |
| 11:35 | Crear | Villager (Male) |
| 11:35 | Crear | Villager (Male) |
| 11:36 | Crear | Spearman |
| 11:37 | Crear | Villager (Male) |
| 11:38 | Crear | Villager (Male) |
| 11:40 | Investigar | Double-Bit Axe |
| 11:41 | Investigar | Double-Bit Axe |
| 12:10 | Crear | Spearman |
| 12:17 | Construir | House |
| 12:38 | Crear | Villager (Male) |
| 13:05 | Construir | Archery Range |
| 13:14 | Construir | House |
| 13:25 | Construir | Palisade Wall |
| 13:36 | Construir | Palisade Wall |
| 13:38 | Crear | Militia |
| 13:42 | Construir | House |
| 13:44 | Crear | Villager (Male) |
| 13:45 | Crear | Villager (Male) |
| 13:45 | Crear | Villager (Male) |
| 13:46 | Crear | Villager (Male) |
| 13:46 | Crear | Villager (Male) |
| 13:47 | Crear | Villager (Male) |
| 13:59 | Construir | Palisade Gate |
| 14:01 | Crear | Militia |
| 14:06 | Construir | Lumber Camp |
| 14:13 | Construir | House |
| 14:16 | Construir | Palisade Wall |
| 14:25 | Crear | Villager (Male) |
| 14:34 | Crear | Skirmisher |
| 14:35 | Crear | Skirmisher |
| 15:01 | Construir | Farm |
| 15:07 | Construir | Farm |
| 15:13 | Crear | Villager (Male) |
| 15:25 | Construir | Farm |
| 15:37 | Crear | Skirmisher |
| 15:37 | Crear | Skirmisher |
| 15:46 | Construir | Farm |
| 15:51 | Construir | Farm |
| 15:55 | Construir | Farm |
| 16:02 | Construir | Farm |
| 16:16 | Construir | Farm |
| 16:57 | Crear | Villager (Male) |
| 17:00 | Investigar | Wheelbarrow |
| 17:12 | Construir | Mill |
| 17:13 | Construir | Farm |
| 17:13 | Construir | Farm |
| 17:13 | Construir | Farm |
| 17:15 | Construir | Farm |
| 17:20 | Construir | Farm |
| 17:30 | Construir | Farm |
| 17:45 | Construir | Farm |
| 17:48 | Construir | Mining Camp |
| 18:46 | Crear | Villager (Male) |
| 18:51 | Crear | Villager (Male) |
| 20:05 | Crear | Villager (Male) |
| 20:09 | Construir | Blacksmith |
| 20:20 | Investigar | Gold Mining |
| 20:26 | Construir | Farm |
| 20:31 | Construir | Farm |
| 20:39 | Investigar | Castle Age |
| 20:40 | Investigar | Castle Age |
| 20:40 | Investigar | Castle Age |
| 20:49 | Construir | Stable |
| 20:57 | Investigar | Forging |
| 21:03 | Investigar | Horse Collar |
| 21:04 | Investigar | Horse Collar |
| 21:08 | Construir | Lumber Camp |
| 21:14 | Construir | Stable |
| 21:23 | Construir | Farm |
| 21:45 | Construir | Stable |
| 22:06 | Investigar | Scale Barding Armor |
| 22:09 | Investigar | Bloodlines |
| 22:09 | Investigar | Bloodlines |
| 22:22 | Construir | Stable |
| 22:58 | Crear | Villager (Male) |
| 23:09 | Crear | Militia |
| 23:19 | Edad | Edad de los Castillos |
| 23:24 | Investigar | Husbandry |
| 23:25 | Crear | Knight |
| 23:25 | Crear | Knight |
| 23:25 | Crear | Knight |
| 23:25 | Crear | Knight |
| 23:26 | Crear | Knight |
| 23:26 | Crear | Knight |
| 23:31 | Investigar | Iron Casting |
| 23:31 | Investigar | Iron Casting |
Build order — Chorobura
Primeras 150 de 199 acciones detectadas
| 0:00 | Crear | Villager (Male) |
| 0:02 | Construir | House |
| 0:03 | Construir | House |
| 0:03 | Crear | Villager (Male) |
| 0:03 | Crear | Villager (Male) |
| 0:03 | Crear | Villager (Male) |
| 1:21 | Construir | Mill |
| 1:39 | Crear | Villager (Male) |
| 2:09 | Crear | Villager (Male) |
| 2:29 | Crear | Villager (Male) |
| 2:58 | Crear | Villager (Male) |
| 3:20 | Crear | Villager (Male) |
| 3:26 | Crear | Villager (Male) |
| 3:49 | Crear | Villager (Male) |
| 3:49 | Crear | Villager (Male) |
| 4:00 | Construir | House |
| 4:16 | Crear | Villager (Male) |
| 4:59 | Crear | Villager (Male) |
| 5:06 | Crear | Villager (Male) |
| 5:09 | Construir | Lumber Camp |
| 5:15 | Crear | Villager (Male) |
| 5:21 | Investigar | Loom |
| 6:16 | Crear | Villager (Male) |
| 6:55 | Investigar | Feudal Age |
| 7:21 | Construir | Barracks |
| 7:46 | Crear | Villager (Male) |
| 8:04 | Construir | House |
| 8:08 | Construir | Palisade Wall |
| 8:19 | Construir | Palisade Wall |
| 8:49 | Construir | House |
| 9:05 | Edad | Edad Feudal |
| 9:06 | Crear | Villager (Male) |
| 9:08 | Investigar | Double-Bit Axe |
| 9:09 | Investigar | Horse Collar |
| 9:10 | Crear | Villager (Male) |
| 9:20 | Construir | Archery Range |
| 9:34 | Crear | Villager (Male) |
| 9:44 | Construir | Mill |
| 9:45 | Crear | Villager (Male) |
| 10:05 | Construir | Palisade Wall |
| 10:06 | Crear | Villager (Male) |
| 10:24 | Crear | Skirmisher |
| 10:24 | Crear | Archer |
| 10:47 | Construir | House |
| 10:53 | Construir | Archery Range |
| 10:56 | Construir | Farm |
| 11:08 | Construir | Farm |
| 11:11 | Construir | Farm |
| 11:19 | Construir | Farm |
| 11:37 | Construir | Farm |
| 11:45 | Construir | Farm |
| 12:01 | Construir | Farm |
| 12:09 | Crear | Villager (Male) |
| 12:09 | Crear | Villager (Male) |
| 12:12 | Construir | Farm |
| 12:30 | Construir | Farm |
| 12:33 | Construir | Farm |
| 12:36 | Crear | Villager (Male) |
| 12:39 | Construir | Farm |
| 12:48 | Crear | Skirmisher |
| 13:03 | Construir | Farm |
| 13:07 | Crear | Villager (Male) |
| 13:07 | Crear | Villager (Male) |
| 13:16 | Construir | Farm |
| 13:26 | Construir | Farm |
| 13:33 | Crear | Villager (Male) |
| 13:34 | Crear | Villager (Male) |
| 13:47 | Construir | Farm |
| 13:47 | Crear | Villager (Male) |
| 13:51 | Crear | Skirmisher |
| 13:51 | Crear | Skirmisher |
| 14:09 | Construir | Farm |
| 14:11 | Crear | Villager (Male) |
| 14:17 | Crear | Villager (Male) |
| 14:37 | Construir | Mining Camp |
| 14:43 | Construir | House |
| 14:51 | Crear | Villager (Male) |
| 14:55 | Crear | Villager (Male) |
| 15:18 | Construir | House |
| 15:21 | Investigar | Wheelbarrow |
| 15:22 | Crear | Villager (Male) |
| 15:32 | Construir | Palisade Wall |
| 15:36 | Construir | Palisade Wall |
| 15:37 | Crear | Villager (Male) |
| 15:41 | Construir | House |
| 15:45 | Crear | Villager (Male) |
| 15:59 | Crear | Skirmisher |
| 15:59 | Crear | Skirmisher |
| 16:14 | Construir | Blacksmith |
| 16:59 | Crear | Villager (Male) |
| 17:09 | Crear | Skirmisher |
| 17:19 | Crear | Skirmisher |
| 17:26 | Construir | Farm |
| 17:27 | Construir | Farm |
| 17:38 | Crear | Villager (Male) |
| 17:50 | Crear | Skirmisher |
| 17:51 | Crear | Skirmisher |
| 17:55 | Construir | House |
| 18:02 | Construir | House |
| 18:23 | Crear | Villager (Male) |
| 18:48 | Crear | Villager (Male) |
| 19:10 | Investigar | Castle Age |
| 19:26 | Construir | House |
| 19:38 | Crear | Skirmisher |
| 19:38 | Crear | Skirmisher |
| 19:49 | Crear | Villager (Male) |
| 20:12 | Construir | Lumber Camp |
| 20:55 | Crear | Villager (Male) |
| 21:02 | Construir | Mill |
| 21:24 | Construir | Stable |
| 21:28 | Construir | House |
| 21:32 | Construir | House |
| 21:42 | Construir | House |
| 21:53 | Edad | Edad de los Castillos |
| 22:11 | Construir | Town Center |
| 22:19 | Crear | Villager (Male) |
| 22:23 | Crear | Villager (Male) |
| 23:02 | Crear | Villager (Male) |
| 23:15 | Investigar | Bow Saw |
| 23:16 | Investigar | Heavy Plow |
| 23:17 | Investigar | Gold Mining |
| 23:17 | Investigar | Stone Mining |
| 23:19 | Crear | Villager (Male) |
| 23:28 | Crear | Knight |
| 23:28 | Crear | Knight |
| 23:39 | Construir | Lumber Camp |
| 23:48 | Crear | Villager (Male) |
| 23:50 | Crear | Knight |
| 23:51 | Crear | Villager (Male) |
| 24:28 | Crear | Knight |
| 24:37 | Crear | Villager (Male) |
| 24:38 | Crear | Villager (Male) |
| 24:39 | Crear | Villager (Male) |
| 24:42 | Crear | Villager (Male) |
| 24:59 | Construir | Town Center |
| 24:59 | Crear | Villager (Male) |
| 25:00 | Crear | Villager (Male) |
| 25:04 | Crear | Villager (Male) |
| 25:06 | Crear | Villager (Male) |
| 25:16 | Crear | Villager (Male) |
| 25:22 | Construir | Farm |
| 25:23 | Construir | Farm |
| 25:24 | Crear | Villager (Male) |
| 25:36 | Crear | Fire Lancer |
| 25:36 | Crear | Fire Lancer |
| 25:37 | Crear | Villager (Male) |
| 25:48 | Crear | Knight |
| 25:48 | Crear | Villager (Male) |
| 25:49 | Crear | Villager (Male) |
| 25:51 | Construir | House |
Cronología de la partida
| 6:12 | DLucky3544 · first_building Barracks |
| 7:21 | Chorobura · first_building Barracks |
| 8:08 | Chorobura · wall_segment Palisade Wall x5 |
| 8:19 | Chorobura · wall_segment Palisade Wall x5 |
| 9:00 | DLucky3544 · age_up feudal |
| 9:05 | Chorobura · age_up feudal |
| 9:20 | Chorobura · first_building Archery Range |
| 9:47 | DLucky3544 · wall_segment Palisade Wall x6 |
| 10:05 | Chorobura · wall_segment Palisade Wall x10 |
| 10:56 | DLucky3544 · wall_segment Palisade Wall x12 |
| 13:05 | DLucky3544 · first_building Archery Range |
| 13:25 | DLucky3544 · wall_segment Palisade Wall x6 |
| 13:36 | DLucky3544 · wall_segment Palisade Wall x11 |
| 14:16 | DLucky3544 · wall_segment Palisade Wall x1 |
| 15:32 | Chorobura · wall_segment Palisade Wall x18 |
| 15:36 | Chorobura · wall_segment Palisade Wall x13 |
| 20:49 | DLucky3544 · first_building Stable |
| 21:24 | Chorobura · first_building Stable |
| 21:53 | Chorobura · age_up castle |
| 23:19 | DLucky3544 · age_up castle |
| 24:45 | DLucky3544 · wall_segment Palisade Wall x1 |
| 24:46 | DLucky3544 · wall_segment Palisade Wall x1 |
| 29:47 | Chorobura · resign |
[ ANÁLISIS IA · 1 CRÉDITO ]
¿Qué pasó realmente en esta partida?
Wolo.gg analiza cada decisión: build order, eco, micro, errores típicos por bracket. Análisis personalizado por WhatsApp o Discord en 30 segundos.
Guía civ
Japoneses
Perfil
DLucky3544